 Dungeon Crawl Stone Soup version 0.17-a0-1497-g03599f7 (webtiles) character file.

185 urechis the Sneak (level 5, -4/37 HPs)
             Began as an Octopode Fighter on July 6, 2015.
             Slain by a centaur (10 damage)
             ... on level 4 of the Dungeon.
             The game lasted 00:04:28 (2952 turns).

urechis the Sneak (Octopode Fighter)                Turns: 2952, Time: 00:04:28

Health: -4/37      AC:  1    Str: 16    XL:     5   Next: 64%
Magic:  5/5        EV: 10    Int: 10    God:
Gold:   198        SH:  8    Dex: 12    Spells: 0 memorised, 4 levels left

rFire  . . .     SeeInvis .     a - +1 long sword
rCold  . . .     Clarity  .     b - +0 shield
rNeg   . . .     SustAt   .     (helmet restricted)
rPois  .         Gourm    .     g - amulet of resist corrosion
rElec  .         Spirit   .     k - ring of loudness (curse)
rCorr  +         Warding  .     (no ring)
rMut   .         Stasis   .     (no ring)
MR     .....                    (no ring)
Stlth  +++.......               (no ring)
                                (no ring)
                                (no ring)
                                (no ring)

@: not resistant to hostile enchantments, fairly stealthy
A: almost no armour, amphibious, 8 rings, constrict 8, camouflage 1, gelatinous
body 1
a: no special abilities


You were on level 4 of the Dungeon.
You were not hungry.

You visited 1 branch of the dungeon, and saw 4 of its levels.

You collected 198 gold pieces.

Inventory:

Hand weapons
 a - a +1 long sword (weapon)
Armour
 b - a +0 shield (worn)
Jewellery
 g - an amulet of resist corrosion (around mantle)
 k - a cursed ring of loudness (left tentacle)
Scrolls
 f - a scroll of amnesia
 h - a scroll of teleportation {unknown}
 m - a scroll of identify
Potions
 c - 2 potions of might
 e - 4 potions of lignification
 i - a potion of degeneration {unknown}
 j - a potion of poison {unknown}
Comestibles
 d - 4 bread rations
 l - a meat ration
 n - a slice of pizza


   Skills:
 + Level 4.2 Fighting
 * Level 3.1 Long Blades
 - Level 3.0 Dodging
 - Level 5.0 Stealth
 - Level 3.0 Shields


You had 4 spell levels left.
You didn't know any spells.

Dungeon Overview and Level Annotations

Branches:
Dungeon (4/15)
 Temple: D:4-7

Altars:
Cheibriados
Fedhas
Trog
Zin


Innate Abilities, Weirdness & Mutations

You cannot wear most types of armour.
You are amphibious.
You can wear up to eight rings at the same time.
You can use your tentacles to constrict eight enemies at once.
Your skin changes colour to match your surroundings (Stealth).
Your rubbery body absorbs attacks (AC +1).


Message History

The hobgoblin barely misses you.
You hit the hobgoblin.
You kill the hobgoblin!
You hear a shout!
The centaur hits you!
A rat comes into view.
You hit the centaur.
The centaur is moderately wounded.
The centaur hits you!
* * * LOW HITPOINT WARNING * * *
You block the centaur's attack.
You are too injured to fight recklessly!
You slash the centaur! You squeeze the centaur!
The centaur is almost dead.
The centaur hits you.
* * * LOW HITPOINT WARNING * * *
You hit the centaur but do no damage.
The centaur is almost dead.
The centaur barely misses you. The centaur hits you!
You die...

#............
#..........#
#........# #..
#.......# ##..
##....†..##.. #.c..
#............ .....
##............
......#.............
......#@.<..........
......c.......#.....
..............###...
.....?........# ##.
.####..........#
#..........#
#..........$#
#......##....
##....## ##.


You could see a centaur.

Vanquished Creatures
  A hound (D:4)
  4 adders
  2 oozes (D:1)
  4 worms
  4 giant geckos
  An orc (D:2)
  A ball python (D:1)
  8 bats
  2 goblins
  14 hobgoblins
  8 jackals
  2 giant cockroaches
  3 giant newts
  3 kobolds
  2 quokkas
  42 rats
101 creatures vanquished.

Notes
Turn   | Place    | Note
--------------------------------------------------------------
     0 | D:1      | urechis the Octopode Fighter began the quest for the Orb.
     0 | D:1      | Reached XP level 1. HP: 16/16 MP: 1/1
    13 | D:1      | Reached skill level 1 in Stealth
    22 | D:1      | Reached XP level 2. HP: 21/21 MP: 2/2
   189 | D:1      | Reached XP level 3. HP: 7/26 MP: 3/3
  1087 | D:2      | Reached XP level 4. HP: 31/31 MP: 4/4
  1277 | D:2      | Found a bloodstained altar of Trog.
  1278 | D:2      | Found a blossoming altar of Fedhas.
  1415 | D:2      | Found a glowing silver altar of Zin.
  1438 | D:2      | Reached skill level 4 in Stealth
  1868 | D:2      | Found a bloodstained altar of Trog.
  1869 | D:2      | Found a blossoming altar of Fedhas.
  2078 | D:2      | Found a glowing silver altar of Zin.
  2272 | D:3      | Found a faded altar to an unknown god.
  2370 | D:3      | Found a snail-covered altar of Cheibriados.
  2444 | D:3      | Reached XP level 5. HP: 37/37 MP: 5/5
  2937 | D:4      | Reached skill level 5 in Stealth
  2942 | D:4      | Noticed a centaur
  2952 | D:4      | Slain by a centaur

Vault maps used:
D:1:      erik_arrival_triangle_small, corner_web_ring
D:2:      zin_statuary, nicolae_overflow_hidden_temple, minmay_box_of_dots
D:3:      cheibriados_altar_1, first_bread, ecumenical_altar_2,
          minmay_item_behind_shaft, minmay_misc_feat_roman,
          minmay_rats_cheesy_pizza
D:4:      led_xom_imps, serial_shops, nicolae_shop_overgrown_old_shop

Action                   |  1- 3 |  4- 6 || total
-------------------------+-------+-------++-------
Melee: Long sword        |    55 |   115 ||   170
  Use: Scroll            |       |     3 ||     3
 Stab: Sleeping          |    12 |    15 ||    27
  Eat: Chunk             |       |     7 ||     7
